 Dungeon Crawl Stone Soup version 0.22.0-32-gbc6daba (webtiles) character file.

5 Lew the Skirmisher (level 1, -5/23 HPs)
             Began as a Gnoll Abyssal Knight on Aug 23, 2018.
             Was a Follower of Lugonu.
             Killed from afar by a starcursed mass (8 damage)
             ... with an accursed screaming
             ... on level 2 of the Abyss.
             The game lasted 00:01:36 (191 turns).

Lew the Skirmisher (Gnoll Abyssal Knight)            Turns: 191, Time: 00:01:36

Health: -5/23      AC:  3    Str: 14    XL:     1   Next: 80%
Magic:  3/3        EV: 12    Int: 14    God:    Lugonu [*.....]
Gold:   16         SH:  0    Dex: 14    Spells: 0/0 levels left

rFire    . . .     SeeInvis .   a - +1 hand axe
rCold    . . .     Gourm    .   (no shield)
rNeg     . . .     Faith    .   b - +0 leather armour
rPois    .         Spirit   .   (no helmet)
rElec    .         Reflect  .   (no cloak)
rCorr    .         Harm     .   (no gloves)
MR       .....                  (no boots)
Stlth    +.........             (no amulet)
HPRegen  0.07/turn              (no ring)
MPRegen  0.08/turn              (no ring)

@: no status effects
A: distributed training, fangs 1, strong nose
a: Depart the Abyss, Renounce Religion


You were on level 2 of the Abyss.
You worshipped Lugonu.
Lugonu was aware of your devotion.
You were not hungry.

You visited 0 branches of the dungeon, and saw 0 of its levels.
You visited the Abyss 1 time.

You collected 16 gold pieces.

Inventory:

Hand Weapons
 a - a +1 hand axe (weapon)
Armour
 b - a +0 leather armour (worn)
 e - a +0 chain mail
Scrolls
 d - a scroll of fear {unknown}
Comestibles
 c - a ration


   Skills:
 + Level 6.4 Fighting
 + Level 0.1 Short Blades
 + Level 0.1 Long Blades
 + Level 4.4 Axes
 + Level 0.1 Maces & Flails
 + Level 0.1 Polearms
 + Level 0.1 Staves
 + Level 0.1 Slings
 + Level 0.1 Bows
 + Level 0.1 Crossbows
 + Level 0.1 Throwing
 + Level 4.4 Armour
 + Level 2.4 Dodging
 + Level 0.1 Stealth
 + Level 0.1 Shields
 + Level 0.1 Unarmed Combat
 + Level 0.1 Spellcasting
 + Level 0.1 Conjurations
 + Level 0.1 Hexes
 + Level 0.1 Charms
 + Level 0.1 Summonings
 + Level 0.1 Necromancy
 + Level 0.1 Translocations
 + Level 0.1 Transmutations
 + Level 0.1 Fire Magic
 + Level 0.1 Ice Magic
 + Level 0.1 Air Magic
 + Level 0.1 Earth Magic
 + Level 0.1 Poison Magic
 + Level 4.4 Invocations
 + Level 0.1 Evocations


You couldn't memorise any spells.
You didn't know any spells.
Your spell library was empty.

Dungeon Overview and Level Annotations

Branches:
Dungeon (0/15)

Altars:


Innate Abilities, Weirdness & Mutations

Your experience applies equally to all skills.
You have very sharp teeth.
Your uncanny sense of smell can sniff out nearby items.


Message History

The ufetubus is almost dead.
The ufetubus closely misses you. The ufetubus completely misses you.
You hit the ufetubus.
You kill the ufetubus!
A freezing wraith comes into view.
Found 11 gold pieces.
Found a shortbow.
You see here a shortbow.
You see here a shortbow.
A wraith comes into view.
The iron imp shouts!
Found a sapphire potion.
A starcursed mass comes into view.
Found a club.
An apocalypse crab comes into view.
A starcursed mass splits.
A chorus of shrieks assaults your mind.
* * * LOW HITPOINT WARNING * * *
A chorus of shrieks assaults your mind.
You die...

∆ . ###..#.# .##
###...##.W #####
#.####..### ## #....
#.##.#.##.#..#. #
##...###.##.#.##.).###
................###.##
#...#.#.+#.#.5###..# .##
#8...WX.8#. ##.#..#.
#...@#.....##..# ###
#.........X.#..##.#.#.#.
{...#..!......### .. ##
...+....)#.##.# # #.# .
##.............#.##..#..
..#t..#.......##. #..#
.#..8...#..8#.## #.. ##
#..##. #.. .## .. ###. #


You could see 2 starcursed masses, an apocalypse crab, a freezing wraith and an
iron imp.

Vanquished Creatures
  An ufetubus (Abyss:2)
1 creature vanquished.

Notes
Turn   | Place    | Note
-------+----------+-------------------------------------------
     0 | Abyss:1  | Lew the Gnoll Abyssal Knight began the quest for the Orb.
     0 | Abyss:1  | Reached XP level 1. HP: 23/23 MP: 3/3
    40 | Abyss:1  | Found a corrupted altar of Lugonu.
   123 | Abyss:2  | Noticed a freezing wraith
   178 | Abyss:2  | Noticed a wraith
   180 | Abyss:2  | Noticed an iron imp
   185 | Abyss:2  | Noticed a starcursed mass
   190 | Abyss:2  | Noticed an apocalypse crab
   191 | Abyss:2  | Killed from afar by a starcursed mass

Action                   || total
-------------------------++-------
Melee: Hand axe          ||     5
       Bite              ||     3
Dodge: Dodged            ||     7
